 Dungeon Crawl Stone Soup version 0.26.1-11-gd32895ea62 (webtiles) character file.

Game seed: 16253244807645477877

124318 MisterFreud the Black Belt (level 16, 0/171 HPs)
             Began as a Troll Monk on May 7, 2021.
             Was the Champion of Jiyva.
             Slain by a guardian serpent (18 damage)
             ... on level 4 of the Snake Pit.
             The game lasted 00:50:27 (24206 turns).

MisterFreud the Black Belt (Troll Monk)            Turns: 24206, Time: 00:50:28

Health: 0/171      AC: 10    Str: 15    XL:     16   Next: 39%
Magic:  15/15      EV: 17    Int: 11    God:    Jiyva [******]
Gold:   698        SH: 33    Dex: 23    Spells: 15/15 levels left

rFire    . . .     SeeInvis +     - Unarmed
rCold    + . .     Faith    .   V - +8 tower shield "Asmiost" {rC+ Str+5 Int+3 Dex-5}
rNeg     . . .     Spirit   .   Y - +0 acid dragon scales
rPois    +         Reflect  +   (helmet restricted)
rElec    .         Harm     +   P - scarf {harm}
rCorr    +         Rampage  .   (gloves unavailable)
Will     +....                  (boots unavailable)
Stlth    ++........             y - amulet of reflection
HPRegen  0.78/turn              J - +4 ring of evasion
MPRegen  0.14/turn              z - ring of poison resistance

@: lethally poisoned (0 -> -10), about to teleport, constricted
A: large, unfitting armour, claws 3, regeneration 1, robust 1, shaggy fur 1,
tough skin 3, acidic bite, eyeballs 3, translucent skin 1
a: Renounce Religion, Request Jelly, Slimify, Cure Bad Mutation


You were on level 4 of the Snake Pit.
You worshipped Jiyva.
Jiyva was exalted by your worship.
You visited 5 branches of the dungeon, and saw 27 of its levels.
You also visited: Sewer and Gauntlet.

You collected 1491 gold pieces.
You spent 793 gold pieces at shops.

Inventory:

Missiles
 k - 18 large rocks (quivered)
 o - 29 boomerangs
 s - 3 throwing nets
 A - 17 silver javelins
 I - 11 javelins
Armour
 e - a +2 cloak of poison resistance
 m - the +0 cloak "Dalit" {SInv}
   (You found it in a Gauntlet)

   It lets you see invisible.
 P - a scarf of harm (worn)
 V - the +8 tower shield "Asmiost" (worn) {rC+ Str+5 Int+3 Dex-5}
   (You found it on level 4 of the Lair of Beasts)

   It affects your strength (+5).
   It affects your intelligence (+3).
   It affects your dexterity (-5).
   It protects you from cold.
 Y - +0 acid dragon scales (worn)
Jewellery
 a - an uncursed amulet of guardian spirit
 y - an amulet of reflection (around neck)
 z - a ring of poison resistance (right claw)
 J - a +4 ring of evasion (left claw)
 L - an uncursed ring of positive energy
 Q - the ring "Xuvoavva" {*Slow Will+ Str+4 Dex+4 Stlth+}
   (You found it on level 4 of the Lair of Beasts)

   [ring of stealth]

   It affects your strength (+4).
   It affects your dexterity (+4).
   It affects your willpower, your defense against some magical effects.
   It may slow you when you take damage.
   It makes you more stealthy.
 T - an uncursed ring of willpower
Wands
 r - a wand of iceblast (14)
 w - a wand of disintegration (41)
 B - a wand of digging (6)
 C - a wand of polymorph (10)
 D - a wand of flame (19)
 R - a wand of enslavement (17)
 U - a wand of paralysis (9)
Scrolls
 i - 9 scrolls of teleportation
 q - 2 scrolls of magic mapping
 u - 4 scrolls of blinking
 E - a scroll of fear {unknown}
 F - 2 scrolls of remove curse
 G - 7 scrolls of identify
 K - a scroll of torment {unknown}
 M - a scroll of fog
 N - 2 scrolls of noise {unknown}
 O - a scroll of brand weapon {unknown}
 S - 3 scrolls of enchant armour
Potions
 b - 8 potions of curing
 c - 3 potions of cancellation
 d - 7 potions of haste
 f - 2 potions of flight
 g - 4 potions of attraction
 h - 6 potions of brilliance
 l - 7 potions of might
 n - 2 potions of ambrosia
 p - 2 potions of mutation
 t - 2 potions of magic
 v - 3 potions of invisibility
 x - a potion of degeneration {unknown}
 Z - a potion of resistance {unknown}
Miscellaneous
 W - a box of beasts (inert)


   Skills:
 + Level 9.1 Fighting
 - Level 10.0 Throwing
 + Level 9.1 Dodging
 - Level 1.0 Stealth
 - Level 15.0 Shields
 + Level 15.6 Unarmed Combat


You had 15 spell levels left.
You didn't know any spells.
Your spell library contained the following spells:

 Spells                   Type           Power        Failure   Level
 Beastly Appendage        Tmut           0%           45%         1
 Foxfire                  Conj/Fire      0%           45%         1
 Ensorcelled Hibernation  Hex/Ice        0%           58%         2
 Poisonous Vapours        Pois/Air       0%           58%         2
 Wereblood                Tmut           0%           58%         2
 Conjure Flame            Conj/Fire      0%           83%         3
 Ignite Poison            Fire/Tmut/Pois 0%           83%         3
 Inner Flame              Hex/Fire       0%           83%         3
 Spider Form              Tmut/Pois      0%           83%         3
 Hailstorm                Conj/Ice       0%           99%         4
 Ice Form                 Ice/Tmut       0%           99%         4
 Sticky Flame             Conj/Fire      0%           99%         4
 Summon Ice Beast         Ice/Summ       0%           99%         4
 Blade Hands              Tmut           0%           100%        5
 Borgnjor's Vile Clutch   Necr/Erth      0%           100%        5
 Fireball                 Conj/Fire      0%           100%        5
 Silence                  Hex/Air        0%           100%        5
 Shadow Creatures         Summ           N/A          100%        6


Dungeon Overview and Level Annotations

Branches:
Dungeon (15/15)            Temple (1/1) D:4            Lair (6/6) D:10
  Swamp (0/4) Lair:3        Snake (4/4) Lair:4        Slime (0/5) Lair:5
    Orc (1/2) D:12         Vaults (0/5) D:14         Depths (0/5) D:15
  Sewer (visited)         Gauntlet (visited)

Altars:
Elyvilon
Nemelex Xobeh
Qazlal
Ru
Sif Muna
Vehumet
Wu Jian
Beogh
Jiyva

Shops:
D:8 [   D:10 !   Snake:1 [=(   Snake:4 (!

Portals:
Trove: D:15 (give 8 potions of haste)

Annotations:
D:7 2 transporters
Snake:2 1 transporter
Snake:4 Saint Roka


Innate Abilities, Weirdness & Mutations

You are too large for most types of armour.
You have claws for hands.
Your natural rate of healing is unusually fast.
You are covered in fur. (AC +1)
You have extremely tough skin. (AC +3)
You are robust. (+10% HP)
You have acidic saliva.
Your body is covered in golden eyes which may confuse attackers. (Acc +7, SInv)
Your translucent skin slightly reduces your foes' accuracy. (Stealth)


Message History

You reflect the arrow off an invisible shield around you!
The arrow hits the naga sharpshooter!
You block the guardian serpent's attack.
The nagaraja mumbles some strange words.
The nagaraja seems to speed up.
You block the orc wizard's attack.
The naga mage mumbles some strange words.
The naga mage seems to speed up.
* * * LOW HITPOINT WARNING * * *
The naga mage constricts you.
Unknown command.
Unknown command.
You miss the guardian serpent.
You feel sick.
You block the guardian serpent's attack.
The salamander wields a +0 shortbow of flaming.
It bursts into flame!
The salamander shoots an arrow.
You reflect the arrow off an invisible shield around you!
The arrow closely misses the salamander.
The arrow hits the naga warrior but does no damage.
The guardian serpent hits you!
You die...

.## * o.# ###'### *
####..o..#### ## ,
.##...).......##... ,
#......(........#.. ,
, #.......S(........#
#......oNSN.......#[ ,
#......N.@.NN(.(....#
#.......NNS.........#.
,
#........<.<).........
#.......#####.......#
..........N......#.. ,
##........NS...##(.. ,
, ..##......N(.##.....
, ,
....###...###.N..... ,
, ......#.#..........
*


You could see Saint Roka, 2 naga warriors, a nagaraja (fast), a naga
sharpshooter (catching breath), a salamander, 3 guardian serpents, a naga mage
(fast), an orc warrior (strong), a naga (confused) and an orc wizard (fast,
strong, confused).

Vanquished Creatures
  6 nagarajas
  Louise (D:15)
  A minotaur (Gauntlet)
  3 vault guards (D:14)
  2 boulder beetles
  6 hydras
  7 naga warriors
  A catoblepas (D:14)
  2 centaur warriors
  A death knight (D:15)
  5 anacondas
  2 death scarabs (Gauntlet)
  4 two-headed ogres
  10 death yaks (Lair:4)
  10 naga sharpshooters
  3 shock serpents (Snake:3)
  A salamander mystic (Snake:3)
  2 unseen horrors
  A wizard (D:15)
  A deep elf archer (D:14)
  2 naga ritualists (Snake:3)
  A bog body (Lair:3)
  2 orc knights (D:14)
  A wolf spider zombie (D:14)
  2 mana vipers (Snake:3)
  A deep elf mage (D:15)
  An oklob plant (Lair:2)
  2 wolf spiders (Lair:6)
  4 cyclopes
  9 ugly things
  An orc sorcerer (D:14)
  A spectral boulder beetle (Gauntlet)
  3 manticores
  4 salamanders
  4 centaur zombies
  A salamander (shapeshifter) (D:15)
  21 elephants
  2 ice statues
  9 guardian serpents
  7 naga magi
  24 black mambas
  16 cane toads
  A gargoyle (D:15)
  Psyche (D:8)
  5 rime drakes
  A kobold demonologist (D:13)
  6 komodo dragons
  A freezing wraith (Lair:4)
  2 yaktaurs
  2 efreet (D:15)
  4 trolls
  3 tengu conjurers
  6 polar bears
  3 meliai (D:13)
  2 hornets (Lair:6)
  Prince Ribbit (D:7)
  18 blink frogs
  Grinder (D:4)
  2 raiju (Gauntlet)
  A spectral black mamba (Gauntlet)
  A meliai zombie (D:15)
  A centaur simulacrum (D:15)
  2 redbacks (Lair:6)
  A shadow (D:11)
  3 wraiths
  39 yaks
  9 wyverns
  4 basilisks
  6 vampire mosquitoes
  3 swamp worms (Lair:3)
  21 nagas
  An acid dragon (D:12)
  A soldier ant (D:10)
  28 water moccasins
  11 orc warriors
  4 sky beasts
  10 ice beasts
  4 phantoms
  A black bear (D:8)
  A necrophage (D:11)
  15 wolves
  6 ogres
  12 centaurs
  2 big kobolds (D:13)
  17 bullfrogs
  A scorpion (D:11)
  20 killer bees
  2 electric eels
  A quasit (D:6)
  A bullfrog zombie (D:5)
  6 hounds
  2 jellies
  10 orc priests
  11 orc wizards
  3 bullfrog skeletons
  2 centaur skeletons
  5 iguanas
  2 lightning spires (Gauntlet)
  5 worker ants
  A howler monkey zombie (D:6)
  10 gnolls
  12 adders
  3 howler monkey skeletons
  3 shadow imps
  4 white imps
  4 ufetubi
  3 adder skeletons
  A worm (D:3)
  A dart slug (D:2)
  12 leopard geckos
  53 orcs
  6 ball pythons
  11 giant cockroaches
  6 goblins
  6 hobgoblins
  4 jackals (D:6)
  2 quokkas
  6 bats
  7 frilled lizards
  11 kobolds
  5 rats
692 creatures vanquished.

Vanquished Creatures (collateral kills)
  Aizul (Snake:3)
  A salamander (Snake:3)
  A wolf (Lair:4)
3 creatures vanquished.

Vanquished Creatures (others)
  An acid blob (Snake:4)
  A two-headed ogre (D:15)
  An ogre mage (D:15)
  Sonja (Orc:1)
  2 deep elf magi (D:15)
  An orc sorcerer (D:15)
  An elephant (Lair:6)
  2 naga magi
  5 slime creatures (D:15)
  A blink frog (Lair:4)
  A yak (D:13)
  4 nagas
  2 water moccasins
  An eye of draining (D:14)
  A black bear (shapeshifter) (D:15)
  2 ogres (D:15)
  A wolf (Lair:4)
  A bullfrog (D:13)
  91 jellies
  An electric eel (D:12)
  A hound (D:14)
  3 adders (Lair:4)
  7 orcs (D:12)
  A bush (Lair:4)
  115 fungi
  196 plants
444 creatures vanquished.

Grand Total: 1139 creatures vanquished

Notes
Turn   | Place    | Note
-------+----------+-------------------------------------------
     0 | D:1      | MisterFreud the Troll Monk began the quest for the Orb.
     0 | D:1      | Reached XP level 1. HP: 22/22 MP: 0/0
   101 | D:1      | Reached XP level 2. HP: 29/29 MP: 1/1
   686 | D:2      | Reached XP level 3. HP: 34/36 MP: 2/2
  1123 | D:2      | Reached skill level 1 in Throwing
  1123 | D:2      | Reached XP level 4. HP: 25/44 MP: 3/3
  1759 | D:3      | Reached skill level 5 in Unarmed Combat
  1881 | D:3      | Found a glowing drain.
  1887 | D:3      | Reached XP level 5. HP: 50/50 MP: 4/4
  1909 | Sewer    | Entered a sewer
  2558 | D:4      | HP: 2/50 [iguana (9)]
  2639 | D:4      | Reached XP level 6. HP: 59/59 MP: 5/5
  2922 | D:4      | HP: 2/59 [ogre/+0 giant club (18)]
  3105 | D:4      | Found a staircase to the Ecumenical Temple.
  3174 | Temple   | Entered the Ecumenical Temple
  3233 | D:4      | Noticed Grinder
  3242 | D:4      | Paralysed by Grinder for 3 turns
  3245 | D:4      | Killed Grinder
  3246 | D:4      | Reached XP level 7. HP: 40/66 MP: 6/6
  3572 | D:5      | Entered Level 5 of the Dungeon
  4402 | D:5      | Reached XP level 8. HP: 66/76 MP: 7/7
  4856 | D:6      | Found a radiant altar of Vehumet.
  5475 | D:7      | Found a transporter.
  5504 | D:7      | Found a transporter.
  5521 | D:7      | Noticed Prince Ribbit
  5539 | D:7      | Killed Prince Ribbit
  5653 | D:7      | You fall into a shaft and drop 1 floor!
  5677 | D:8      | Reached skill level 5 in Throwing
  5728 | D:8      | Reached XP level 9. HP: 39/87 MP: 8/8
  5985 | D:8      | Found Gatema's Armour Shop.
  6028 | D:8      | Reached skill level 5 in Fighting
  6371 | D:8      | Noticed Psyche
  6380 | D:8      | Killed Psyche
  6859 | D:9      | Noticed a troll
  6868 | D:9      | Killed a troll
  6869 | D:9      | Reached skill level 10 in Unarmed Combat
  7451 | D:10     | Entered Level 10 of the Dungeon
  7505 | D:10     | Reached skill level 1 in Shields
  7547 | D:10     | Noticed a troll
  7551 | D:10     | Killed a troll
  7693 | D:10     | Reached XP level 10. HP: 96/98 MP: 9/9
  7882 | D:10     | Found a staircase to the Lair.
  7882 | D:10     | Noticed a four-headed hydra
  7890 | D:10     | Killed a four-headed hydra
  7983 | D:10     | Found Kagra's Distillery.
  8000 | D:10     | Bought a potion of lignification for 42 gold pieces
  8000 | D:10     | Bought a potion of heal wounds for 70 gold pieces
  8000 | D:10     | Bought a potion of invisibility for 112 gold pieces
  8000 | D:10     | Bought a potion of haste for 140 gold pieces
  8383 | D:11     | Reached skill level 5 in Shields
  8628 | D:11     | Noticed a two-headed ogre
  8630 | D:11     | Killed a two-headed ogre
  8923 | D:11     | Killed an unseen horror
  8938 | D:11     | Noticed a boulder beetle
  8967 | D:11     | Reached XP level 11. HP: 66/105 MP: 10/10
  9019 | D:11     | Killed a boulder beetle
  9266 | D:11     | Noticed a two-headed ogre
  9276 | D:11     | Killed a two-headed ogre
  9708 | Lair:1   | Entered Level 1 of the Lair of Beasts
 10382 | Lair:4   | Reached skill level 5 in Dodging
 10552 | Lair:5   | Found a staircase to the Slime Pits.
 10554 | Lair:5   | Found a viscous altar of Jiyva.
 10562 | Lair:5   | Became a worshipper of Jiyva Jamilasu the Shapeless
 10562 | Lair:5   | Reached * piety under Jiyva
 10562 | Lair:5   | Reached ** piety under Jiyva
 10972 | Lair:5   | Reached *** piety under Jiyva
 11003 | Lair:5   | Gained mutation: You have a pair of small antennae on your
                  | head. [Jiyva's grace]
 11423 | Lair:4   | Noticed a death yak
 11424 | Lair:4   | Noticed a death yak
 11424 | Lair:4   | Noticed a death yak
 11424 | Lair:4   | Noticed a death yak
 11425 | Lair:4   | Noticed a death yak
 11425 | Lair:4   | Noticed a death yak
 11442 | Lair:4   | Killed a death yak
 11443 | Lair:4   | Reached XP level 12. HP: 118/118 MP: 11/11
 11449 | Lair:4   | Killed a death yak
 11449 | Lair:4   | Noticed a catoblepas
 11452 | Lair:4   | Killed a death yak
 11465 | Lair:4   | Reached **** piety under Jiyva
 11468 | Lair:4   | Noticed a death yak
 11468 | Lair:4   | Noticed a death yak
 11468 | Lair:4   | Noticed a death yak
 11469 | Lair:4   | Noticed a death yak
 11613 | Lair:4   | Found a staircase to the Snake Pit.
 11680 | Lair:4   | Killed a death yak
 11753 | Lair:4   | Killed a death yak
 11782 | Lair:4   | Killed a death yak
 11783 | Lair:4   | HP: 4/119 [wolf (14)]
 11851 | Lair:4   | Lost mutation: You have a pair of small antennae on your
                  | head. [Jiyva's grace]
 11911 | Lair:4   | Reached ***** piety under Jiyva
 11911 | Lair:4   | Gained mutation: You are partially covered in slimy green
                  | scales. (AC +2) [Jiyva's grace]
 12123 | Lair:4   | Gained mutation: You have sharp toenails. [Jiyva's grace]
 12158 | Lair:4   | Got a coiled lead ring
 12166 | Lair:4   | Got a scorched tower shield
 12189 | Lair:4   | Identified the +8 tower shield "Asmiost" {rC+ Str+5 Int+3
                  | Dex-5} (You found it on level 4 of the Lair of Beasts)
 12644 | Lair:4   | Killed a death yak
 12656 | Lair:4   | Killed a death yak
 12665 | Lair:4   | Killed a death yak
 12673 | Lair:4   | Killed a death yak
 12776 | Lair:3   | Noticed a five-headed hydra
 12789 | Lair:3   | Killed a five-headed hydra
 12790 | Lair:3   | Reached XP level 13. HP: 36/127 MP: 12/12
 12990 | Lair:3   | Gained mutation: You have razor-sharp toenails. [Jiyva's
                  | grace]
 13007 | Lair:3   | Reached ****** piety under Jiyva
 13010 | Lair:3   | Lost mutation: You are partially covered in slimy green
                  | scales. (AC +2) [Jiyva's grace]
 13353 | Lair:3   | Found a staircase to the Swamp.
 13747 | Lair:3   | Lost mutation: You have razor-sharp toenails. [Jiyva's
                  | grace]
 13887 | Lair:2   | Identified the ring "Xuvoavva" {*Slow Will+ Str+4 Dex+4
                  | Stlth+} (You found it on level 4 of the Lair of Beasts)
 14100 | Lair:2   | Lost mutation: You have sharp toenails. [potion of
                  | mutation]
 14100 | Lair:2   | Gained mutation: You tend to lose your temper in combat.
                  | [potion of mutation]
 14100 | Lair:2   | Gained mutation: You are occasionally teleported next to
                  | monsters. [potion of mutation]
 14100 | Lair:2   | Gained mutation: You are partially covered in large bone
                  | plates. (SH +4) [potion of mutation]
 14101 | Lair:2   | Lost mutation: You tend to lose your temper in combat.
                  | [potion of mutation]
 14101 | Lair:2   | Lost mutation: You are occasionally teleported next to
                  | monsters. [potion of mutation]
 14101 | Lair:2   | Lost mutation: You are partially covered in large bone
                  | plates. (SH +4) [potion of mutation]
 14101 | Lair:2   | Gained mutation: You are covered in thick fur. (AC +2)
                  | [potion of mutation]
 14101 | Lair:2   | Gained mutation: You are strong-willed. (Will+) [potion of
                  | mutation]
 14163 | Lair:2   | Lost mutation: You are covered in thick fur. (AC +2)
                  | [Jiyva's grace]
 14560 | Lair:2   | Found a stormy altar of Qazlal.
 14680 | Lair:2   | Gained mutation: You have acidic saliva. [Jiyva's grace]
 15200 | Lair:3   | Gained mutation: You are robust. (+10% HP) [Jiyva's grace]
 15241 | Lair:6   | Entered Level 6 of the Lair of Beasts
 15273 | Lair:6   | Reached skill level 10 in Shields
 15317 | Lair:6   | Reached skill level 10 in Throwing
 15532 | Lair:6   | Gained mutation: Your rubbery body absorbs attacks. (AC +1,
                  | EV +1) [Jiyva's grace]
 15670 | Lair:6   | Reached XP level 14. HP: 96/149 MP: 13/13
 15744 | Lair:6   | Gained mutation: You have large cloven feet. [Jiyva's
                  | grace]
 16021 | Lair:6   | Gained mutation: Your spells are a little harder to cast,
                  | but a little more powerful. [Jiyva's grace]
 16506 | Lair:6   | Gained mutation: Your system is resistant to poisons.
                  | (rPois) [Jiyva's grace]
 16793 | D:12     | Found a gate leading to a gauntlet.
 16862 | Gauntlet | Entered a Gauntlet
 16862 | Gauntlet | Found a transporter.
 16872 | Gauntlet | Found a transporter.
 16875 | Gauntlet | Found a transporter.
 16877 | Gauntlet | Found a transporter.
 16878 | Gauntlet | Found a transporter.
 16879 | Gauntlet | Found a transporter.
 16914 | Gauntlet | Found a transporter.
 16915 | Gauntlet | Found a transporter.
 16919 | Gauntlet | Found a transporter.
 17076 | Gauntlet | Found a transporter.
 17124 | Gauntlet | Got a translucent cloak
 17135 | Gauntlet | Identified the +0 cloak "Dalit" {SInv} (You found it in a
                  | Gauntlet)
 17263 | Gauntlet | Identified the Compendium of the Nocuous Snowflakes
 17350 | D:12     | Lost mutation: Your rubbery body absorbs attacks. (AC +1,
                  | EV +1) [Jiyva's grace]
 17500 | D:12     | Found a staircase to the Orcish Mines.
 17511 | D:12     | Found a roughly hewn altar of Beogh.
 17955 | Orc:1    | Entered Level 1 of the Orcish Mines
 17972 | Orc:1    | Noticed Sonja
 17996 | Orc:1    | Killed Sonja
 18059 | D:13     | Found a white marble altar of Elyvilon.
 18370 | D:13     | Gained mutation: You passively map a small area around you.
                  | [Jiyva's grace]
 18484 | D:13     | Lost mutation: Your spells are a little harder to cast, but
                  | a little more powerful. [Jiyva's grace]
 18491 | D:13     | Lost mutation: You have acidic saliva. [Jiyva's grace]
 18878 | D:14     | Gained mutation: Your body has grown golden eyes which may
                  | confuse attackers. (Acc +3) [Jiyva's grace]
 18971 | D:14     | Reached skill level 15 in Unarmed Combat
 18971 | D:14     | Gained mutation: Your spells are a little easier to cast,
                  | but a little less powerful. [Jiyva's grace]
 18975 | D:14     | Found a gate to the Vaults.
 19020 | D:14     | Gained mutation: Your body has grown many golden eyes which
                  | may confuse attackers. (Acc +5) [Jiyva's grace]
 19170 | D:14     | Gained mutation: You are covered in slimy tendrils that may
                  | disarm your opponents. [Jiyva's grace]
 19307 | D:14     | Reached XP level 15. HP: 157/157 MP: 14/14
 19476 | D:14     | Found the cursed +14 obsidian axe {vorpal, +Fly SInv
                  | *Curse}
 19772 | D:15     | Entered Level 15 of the Dungeon
 19933 | D:15     | Gained mutation: Your body is covered in golden eyes which
                  | may confuse attackers. (Acc +7, SInv) [Jiyva's grace]
 19942 | D:15     | Noticed Louise
 19963 | D:15     | Killed Louise
 20363 | D:15     | Found a staircase to the Depths.
 20504 | D:15     | Lost mutation: You are robust. (+10% HP) [Jiyva's grace]
 20551 | D:15     | Found a portal to a secret trove of treasure.
 20872 | D:13     | Gained mutation: You have acidic saliva. [Jiyva's grace]
 21038 | Snake:1  | Entered Level 1 of the Snake Pit
 21789 | Snake:1  | Found Jenyxto's Weapon Shop.
 21791 | Snake:1  | Found Fudaitoj's Jewellery Boutique.
 21793 | Snake:1  | Found Sipets's Antique Armour Shop.
 21803 | Snake:1  | Lost mutation: You are strong-willed. (Will+) [Jiyva's
                  | grace]
 22228 | Snake:2  | Lost mutation: Your system is resistant to poisons. (rPois)
                  | [Jiyva's grace]
 22349 | Snake:2  | Found a transporter.
 22358 | Snake:2  | You fall into a shaft and drop 1 floor!
 22362 | Snake:3  | Noticed a nagaraja
 22376 | Snake:3  | Killed a nagaraja
 22547 | Snake:3  | Noticed Aizul
 22565 | Snake:3  | Killed Aizul
 22806 | Snake:3  | Noticed a nagaraja
 22815 | Snake:3  | Killed a nagaraja
 22820 | Snake:3  | Reached skill level 15 in Shields
 22884 | Snake:3  | Lost mutation: Your spells are a little easier to cast, but
                  | a little less powerful. [Jiyva's grace]
 22906 | Snake:3  | Gained mutation: Your translucent skin slightly reduces
                  | your foes' accuracy. (Stealth) [Jiyva's grace]
 22962 | Snake:3  | Noticed a nagaraja
 22971 | Snake:3  | Killed a nagaraja
 23130 | Snake:3  | Found a sparkling altar of Nemelex Xobeh.
 23356 | Snake:3  | Noticed a nagaraja
 23361 | Snake:3  | Killed a nagaraja
 23362 | Snake:3  | Reached XP level 16. HP: 150/153 MP: 15/15
 23441 | Snake:4  | Entered Level 4 of the Snake Pit
 23758 | Snake:4  | Found Bodduf's Distillery.
 23918 | Snake:4  | Noticed an acid blob
 23918 | Snake:4  | a nagaraja changed into an acid blob
 23919 | Snake:4  | Lost mutation: You have large cloven feet. [Jiyva's grace]
 23951 | Snake:4  | Gained mutation: You are robust. (+10% HP) [Jiyva's grace]
 23989 | Snake:4  | Lost mutation: You are covered in slimy tendrils that may
                  | disarm your opponents. [Jiyva's grace]
 24009 | Snake:4  | Found Ublen's Weapon Emporium.
 24010 | Snake:4  | Bought a potion of haste for 130 gold pieces
 24010 | Snake:4  | Bought a potion of might for 52 gold pieces
 24010 | Snake:4  | Bought a potion of curing for 39 gold pieces
 24010 | Snake:4  | Bought a potion of cancellation for 104 gold pieces
 24010 | Snake:4  | Bought a potion of cancellation for 104 gold pieces
 24143 | Snake:4  | Lost mutation: You passively map a small area around you.
                  | [Jiyva's grace]
 24197 | Snake:4  | Noticed Saint Roka
 24199 | Snake:4  | Killed an acid blob
 24206 | Snake:4  | Slain by a guardian serpent

Illustrated notes

Levels and vault maps discovered:
D:1:      mrwooster_arrival_statue_2, layout_basic
D:2:      layout_loops_ring, minivault_25, dk_noncrumbling_2, minmay_puff
D:3:      layout_rooms, portal_sewer_entry_f
D:4:      layout_cave_pods, minmay_temple_entry_enclosed_plants,
          chequers_decorated_corner, hex_tiny, uniq_grinder
D:5:      layout_basic, serial_glass, glass_columns_a, glass_columns_b,
          minmay_strange_pillars, kennysheep_small_circle
D:6:      layout_basic, vehumet_altar_wand_db,
          lightli_ossuary_entry_decrepit_ruins, kennysheep_boxes
D:7:      gammafunk_steamed_eel, layout_loops_ring, uniq_prince_ribbit1
D:8:      layout_basic, serial_shops, shop, uniq_psyche
D:9:      layout_long_grid
D:10:     layout_irregular_city, lair_entry_dummy, serial_shops,
          nicolae_shop_stone
D:11:     layout_stronghold
D:12:     layout_roguey, minmay_orc_entry_temple_small, gauntlet_entry_generic,
          dk_vineyard_3, minivault_16, hive_lemuel
D:13:     layout_roguey, elyvilon_altar_5
D:14:     layout_loops_corners, grunt_vaults_entry_fortified,
          minmay_fountain_box, minmay_crystal_room
D:15:     grunt_enter_depths_magical_seal, layout_stronghold,
          nicolae_trove_entry_diagonal, minmay_misc_feat_square,
          minmay_misc_feat_room, uniq_louise
Temple:   grunt_wide_crystal_templ
Lair:1:   layout_cave_shapes
Lair:2:   layout_cave_shapes, lemuel_oklob_altar
Lair:3:   layout_gridlike, nicolae_swamp_entry_splash_gauntlet
Lair:4:   layout_gridlike, minmay_snake_entry_six_corridors, ice2_lemuel
Lair:5:   layout_loops_ring, slime_altar_1, serial_rivers,
          chequers_serial_rivers_micro_a, chequers_serial_rivers_small_3,
          chequers_serial_rivers_marsh, chequers_serial_rivers_marsh,
          lemuel_fruit_fields
Lair:6:   hangedman_lair_tendril_chambers, layout_regular_city, wormcave
Snake:1:  layout_chambers, minmay_shop_star
Snake:2:  layout_onion, serial_shops, nicolae_shop_trees,
          gammafunk_ghost_berserking_beasts, hangedman_snake_sidewinding
Snake:3:  layout_misc_corridors, basic_altar, uniq_aizul
Snake:4:  snake_hunt, layout_cave_town, serial_shops, nicolae_shop_behind_doors,
          minmay_shop_grid_forest, st_stairs_13, uniq_saint_roka, uniq_asterion
Orc:1:    layout_diamond_mine, nicolae_orc_flooded_monolith,
          nicolae_orc_tapped_out, uniq_sonja

Skill      XL: |  1  2  3  4  5  6  7  8  9 10 11 12 13 14 15 16 |
---------------+-------------------------------------------------+-----
Unarmed Combat | 4 5 6 7 8 10 12 13 15 | 15.6
Throwing       | 1 2 3 4 5 6 7 9 10 | 10.0
Fighting       | 3 4 6 7 8 9 |  9.1
Dodging        | 4 5 7 8 9 |  9.1
Shields        | 2 8 9 10 12 15 | 15.0
Stealth        | |  1.0

Action                   |  1- 3 |  4- 6 |  7- 9 | 10-12 | 13-15 | 16-18 || total
-------------------------+-------+-------+-------+-------+-------+-------++-------
Melee: Unarmed           |    95 |   239 |   374 |   594 |  1072 |   188 ||  2562
       Punch             |     2 |     4 |    13 |       |       |       ||    19
       Kick              |       |       |       |    28 |   390 |    59 ||   477
       Bite              |       |       |       |       |   104 |    42 ||   146
Throw: Large rock        |       |       |     3 |     8 |     9 |       ||    20
       Boomerang         |       |       |       |     3 |     4 |       ||     7
       Dart              |       |       |       |     2 |     1 |       ||     3
Invok: Slimify           |       |       |       |       |       |     1 ||     1
Evoke: Wand              |       |       |       |     1 |       |     5 ||     6
       Box of beasts     |       |       |       |     1 |       |     1 ||     2
  Use: Scroll            |     4 |       |    12 |     3 |     1 |     2 ||    22
       Potion            |       |     2 |       |     7 |     4 |     1 ||    14
 Stab: Sleeping          |     3 |     1 |     4 |       |    12 |       ||    20
       Confused          |       |       |       |       |    28 |    15 ||    43
       Distracted        |       |       |       |       |     3 |     1 ||     4
Armor: Robe              |    43 |    65 |    92 |    59 |    29 |       ||   288
       Skin              |       |       |       |    36 |       |       ||    36
       Acid dragon scale |       |       |       |       |    37 |     8 ||    45
Dodge: Dodged            |    39 |   100 |   192 |   245 |   230 |    72 ||   878
Block: Other             |       |       |    22 |       |       |       ||    22
       Kite shield       |       |       |       |   455 |       |       ||   455
       Reflection        |       |       |       |     2 |    83 |    70 ||   155
       Tower shield      |       |       |       |    47 |  1243 |   321 ||  1611
